 Dungeon Crawl Stone Soup version 0.23-a0-643-g9ccc95a (webtiles) character file.

1090 Lanoc the Skirmisher (level 8, -5/67 HPs)
             Began as a Gnoll Wanderer on Jan 1, 2019.
             Was a Follower of Sif Muna.
             Splashed by a jelly's acid (10 damage)
             ... on level 7 of the Dungeon.
             The game lasted 00:20:57 (4526 turns).

Lanoc the Skirmisher (Gnoll Wanderer)               Turns: 4526, Time: 00:20:58

Health: -5/67      AC: -10   Str: 14    XL:     8   Next: 31%
Magic:  14/14      EV: 19    Int: 13    God:    Sif Muna [*.....]
Gold:   123        SH:  0    Dex: 24    Spells: 9/15 levels left

rFire    . . .     SeeInvis .   d - +1 dagger
rCold    . . .     Gourm    .   (no shield)
rNeg     . . .     Faith    .   c - +0 robe
rPois    .         Spirit   .   (no helmet)
rElec    .         Reflect  .   (no cloak)
rCorr    .         Harm     .   (no gloves)
MR       .....                  (no boots)
Stlth    ++++......             (no amulet)
HPRegen  0.21/turn              g - +3 ring of protection
MPRegen  0.14/turn              o - ring of flight

@: agile, corroded
A: distributed training, fangs 1, strong nose
a: Divine Energy, Renounce Religion, Evoke Flight


You were on level 7 of the Dungeon.
You worshipped Sif Muna.
Sif Muna was aware of your devotion.
You were near starving.

You visited 2 branches of the dungeon, and saw 8 of its levels.

You collected 123 gold pieces.

Inventory:

Hand Weapons
 d - a +1 dagger (weapon)
Missiles
 j - 14 bolts
Armour
 c - a +0 robe (worn)
Jewellery
 g - a +3 ring of protection (left hand)
 m - an uncursed ring of fire
 o - a ring of flight (right hand)
Wands
 n - a wand of random effects (27)
Scrolls
 b - 2 scrolls of teleportation {unknown}
 e - 3 scrolls of remove curse
 h - a scroll of enchant armour
 i - a scroll of enchant weapon
 k - a scroll of amnesia {unknown}
 l - a scroll of blinking {unknown}
Comestibles
 f - 4 rations


   Skills:
 + Level 7.3 Fighting
 + Level 3.1 Short Blades
 + Level 3.1 Long Blades
 + Level 3.1 Axes
 + Level 3.1 Maces & Flails
 + Level 3.1 Polearms
 + Level 3.1 Staves
 + Level 3.1 Slings
 + Level 3.1 Bows
 + Level 3.1 Crossbows
 + Level 4.1 Throwing
 + Level 3.1 Armour
 + Level 3.1 Dodging
 + Level 3.1 Stealth
 + Level 3.1 Shields
 + Level 3.1 Unarmed Combat
 + Level 4.2 Spellcasting
 + Level 2.5 Conjurations
 + Level 3.3 Hexes
 + Level 2.5 Charms
 + Level 2.5 Summonings
 + Level 2.5 Necromancy
 + Level 2.5 Translocations
 + Level 2.5 Transmutations
 + Level 2.5 Fire Magic
 + Level 2.5 Ice Magic
 + Level 6.0 Air Magic
 + Level 2.5 Earth Magic
 + Level 2.5 Poison Magic
 + Level 3.4 Invocations
 + Level 4.1 Evocations


You had 9 spell levels left.
You knew the following spells:

 Your Spells              Type           Power        Failure   Level  Hunger
a - Magic Dart            Conj           #...         7%          1    None
b - Blink                 Tloc           N/A          11%         2    ##.....
c - Mephitic Cloud        Conj/Pois/Air  ##......     13%         3    ###....

Your spell library contained the following spells:

 Spells                   Type           Power        Failure   Level  Hunger
 Confusing Touch          Hex            ##....       4%          1    None
 Slow                     Hex            ##......     8%          2    ##.....
 Call Imp                 Summ           #.......     11%         2    ##.....
 Confuse                  Hex            ##......     16%         3    ###....
 Conjure Flame            Conj/Fire      #.......     22%         3    ###....
 Gell's Gravitas          Tloc           #.........   22%         3    ###....
 Petrify                  Tmut/Erth      #.......     56%         4    ####...
 Metabolic Englaciation   Hex/Ice        ##........   86%         5    ######.
 Yara's Violent Unravell  Hex/Tmut       ##........   86%         5    ######.


Dungeon Overview and Level Annotations

Branches:
Dungeon (7/15)             Temple (1/1) D:6

Altars:
Ashenzari
Dithmenos
Elyvilon
Fedhas
Gozag
Kikubaaqudgha
Nemelex Xobeh
Okawaru
Sif Muna
Trog
Uskayaw
Wu Jian
Xom
Yredelemnul
Zin
The Shining One

Shops:
D:5 %

Annotations:
D:2 Robin


Innate Abilities, Weirdness & Mutations

Your experience applies equally to all skills.
You have very sharp teeth.
Your uncanny sense of smell can sniff out nearby items.


Message History

You are too injured to fight recklessly!
You are too injured to fight recklessly!
You hit the jelly but do no damage.
Your hands burn!
The jelly is heavily wounded.
The jelly hits you.
You are splashed with acid!
The acid burns!
You hit the jelly but do no damage.
Your hands burn!
The jelly is heavily wounded.
The jelly hits you.
* * * LOW HITPOINT WARNING * * *
The acid corrodes you!
You are splashed with acid!
The acid burns!
* * * LOW HITPOINT WARNING * * *
You feel agile all of a sudden. The jelly barely misses you.
You hit the jelly but do no damage.
Your hands burn!
* * * LOW HITPOINT WARNING * * *
The jelly is heavily wounded.
The jelly hits you.
* * * LOW HITPOINT WARNING * * *
You are splashed with acid!
The acid burns!
You die...

..?...#............#########
............................
.....#$#...................
.................######.....
.#####...........######.....
#.####................. #.
#.#.....####.....{ ##
#J#.###.# #...... #@#.# #.#
#...... #.#.# #.####......
#.#(. ............
#.#####.#####.....
#.##.........#####
#.##.........# #
#.##.....Z...#
#............#
#..#.........#


You could see a jelly.

Vanquished Creatures
  Prince Ribbit (D:6)
  An orc warrior (D:6)
  A sky beast (Temple)
  3 centaurs
  2 bullfrogs (D:6)
  3 hounds
  An orc priest (D:6)
  2 orc wizards (D:6)
  2 worker ants
  A hound skeleton (D:6)
  3 adders (D:3)
  4 gnolls (D:3)
  A shadow imp (D:6)
  An ooze (D:1)
  5 leopard geckos
  5 orcs
  4 bats
  A giant cockroach (D:6)
  8 goblins
  5 hobgoblins
  6 jackals (D:1)
  3 quokkas (D:3)
  4 frilled lizards
  7 kobolds
  A quokka zombie (D:7)
  3 rats
  A butterfly (D:6)
79 creatures vanquished.

Notes
Turn   | Place    | Note
-------+----------+-------------------------------------------
     0 | D:1      | Lanoc the Gnoll Wanderer began the quest for the Orb.
     0 | D:1      | Lanoc set off with the following items: a potion of
                  | lignification, a +0 robe, a +0 dagger, a ration; and the
                  | following spell memorised: Magic Dart; and the following
                  | spells available to memorise: Slow, Mephitic Cloud, Blink,
                  | Call Imp, Conjure Flame
     0 | D:1      | Reached XP level 1. HP: 23/23 MP: 4/4
    94 | D:1      | Reached XP level 2. HP: 20/29 MP: 5/5
   632 | D:1      | Reached XP level 3. HP: 31/35 MP: 7/7
   743 | D:1      | Learned a level 2 spell: Blink
   747 | D:1      | Learned a level 3 spell: Mephitic Cloud
  1059 | D:2      | Noticed Robin
  1084 | D:2      | Reached skill level 1 in Invocations
  1118 | D:2      | You fall through a shaft!
  1329 | D:3      | Reached skill level 1 in Short Blades
  1329 | D:3      | Reached skill level 1 in Long Blades
  1329 | D:3      | Reached skill level 1 in Axes
  1329 | D:3      | Reached skill level 1 in Maces & Flails
  1329 | D:3      | Reached skill level 1 in Polearms
  1329 | D:3      | Reached skill level 1 in Staves
  1329 | D:3      | Reached skill level 1 in Slings
  1329 | D:3      | Reached skill level 1 in Bows
  1329 | D:3      | Reached skill level 1 in Crossbows
  1329 | D:3      | Reached skill level 1 in Armour
  1329 | D:3      | Reached skill level 1 in Dodging
  1329 | D:3      | Reached skill level 1 in Stealth
  1329 | D:3      | Reached skill level 1 in Shields
  1329 | D:3      | Reached skill level 1 in Unarmed Combat
  1362 | D:3      | Reached XP level 4. HP: 33/41 MP: 8/8
  1471 | D:3      | Reached skill level 1 in Conjurations
  1471 | D:3      | Reached skill level 1 in Charms
  1471 | D:3      | Reached skill level 1 in Summonings
  1471 | D:3      | Reached skill level 1 in Necromancy
  1471 | D:3      | Reached skill level 1 in Translocations
  1471 | D:3      | Reached skill level 1 in Transmutations
  1471 | D:3      | Reached skill level 1 in Fire Magic
  1471 | D:3      | Reached skill level 1 in Ice Magic
  1471 | D:3      | Reached skill level 1 in Earth Magic
  1471 | D:3      | Reached skill level 1 in Poison Magic
  1501 | D:3      | Reached XP level 5. HP: 44/47 MP: 3/9
  2053 | D:4      | Noticed a phantom
  2062 | D:5      | Entered Level 5 of the Dungeon
  2089 | D:5      | Found Ceceimof's Food Shop.
  2548 | D:6      | Found a staircase to the Ecumenical Temple.
  2548 | D:6      | Noticed a sky beast
  2560 | D:6      | Noticed Prince Ribbit
  2563 | Temple   | Entered the Ecumenical Temple
  2610 | Temple   | Killed a sky beast
  2610 | Temple   | Reached XP level 6. HP: 13/53 MP: 3/11
  2813 | Temple   | Became a worshipper of Sif Muna the Loreminder
  2886 | D:6      | Killed Prince Ribbit
  2886 | D:6      | Reached XP level 7. HP: 48/59 MP: 3/12
  2964 | D:6      | Reached skill level 7 in Fighting
  3300 | D:6      | Reached * piety under Sif Muna
  3647 | D:6      | Reached XP level 8. HP: 27/67 MP: 11/14
  4526 | D:7      | Splashed by a jelly's acid

Vault maps used:
D:1:      minmay_arrival_checkered_box
D:2:      lemuel_doored_altar, first_ration, hex_large, minmay_tetromino_i4,
          uniq_sigmund, uniq_terence, uniq_robin
D:3:      amethyst_overflow_temple_binary
D:4:      grunt_ministairs_10, minmay_misc_feat_diagonals
D:5:      serial_shops, shop, elyvilon_altar_5
D:6:      minmay_temple_entry_butterflies, kennysheep_cross_room,
          uniq_prince_ribbit1
D:7:      nicolae_ru_awakened_eye, nicolae_qazlal_general_emergency,
          grunt_ogre_cave, guppyfry_shop_venom
Temple:   nicolae_temple_elliptical

Skill      XL: |  1  2  3  4  5  6  7  8 |
---------------+-------------------------+-----
Hexes          | 2 3 |  3.3
Invocations    | 1 2 3 |  3.4
Short Blades   | 1 2 3 |  3.1
Long Blades    | 1 2 3 |  3.1
Axes           | 1 2 3 |  3.1
Maces & Flails | 1 2 3 |  3.1
Polearms       | 1 2 3 |  3.1
Staves         | 1 2 3 |  3.1
Slings         | 1 2 3 |  3.1
Bows           | 1 2 3 |  3.1
Crossbows      | 1 2 3 |  3.1
Armour         | 1 2 3 |  3.1
Dodging        | 1 2 3 |  3.1
Stealth        | 1 2 3 |  3.1
Shields        | 1 2 3 |  3.1
Unarmed Combat | 1 2 3 |  3.1
Spellcasting   | 3 4 |  4.2
Conjurations   | 1 2 |  2.5
Charms         | 1 2 |  2.5
Summonings     | 1 2 |  2.5
Necromancy     | 1 2 |  2.5
Translocations | 1 2 |  2.5
Transmutations | 1 2 |  2.5
Fire Magic     | 1 2 |  2.5
Ice Magic      | 1 2 |  2.5
Earth Magic    | 1 2 |  2.5
Poison Magic   | 1 2 |  2.5
Throwing       | 3 4 |  4.1
Evocations     | 3 4 |  4.1
Fighting       | 7 |  7.3
Air Magic      | 6 |  6.0

Action                   |  1- 3 |  4- 6 |  7- 9 || total
-------------------------+-------+-------+-------++-------
Melee: Dagger            |   210 |   205 |   299 ||   714
       Bite              |    21 |    31 |    46 ||    98
       Punch             |     1 |       |     4 ||     5
 Cast: Magic Dart        |     2 |     3 |       ||     5
       Mephitic Cloud    |     1 |    13 |     7 ||    21
       Blink             |       |     1 |     3 ||     4
  Use: Potion            |     1 |     3 |     1 ||     5
       Scroll            |       |     5 |       ||     5
 Stab: Sleeping          |     1 |     1 |     1 ||     3
       Confused          |       |     5 |     5 ||    10
  Eat: Chunk             |     2 |     5 |     4 ||    11
       Ration            |       |     1 |       ||     1
Armor: Robe              |    63 |    57 |    62 ||   182
       Skin              |    20 |       |       ||    20
Dodge: Dodged            |   110 |   113 |   147 ||   370

Table legend:
 A = Non-vault XP
 B = Vault XP
 C = Vault XP percentage of total XP
 D = Non-vault monster count
 E = Vault monster count
 F = Vault count percentage of total count
                 A         B        C        D         E       F
            +---------+---------+-------+---------+---------+-------
      Total |    1273 |     285 |  18.3 |      68 |      10 |  12.8
            +---------+---------+-------+---------+---------+-------
        D:1 |      41 |       0 |   0.0 |      20 |       0 |   0.0
        D:2 |       9 |      13 |  59.1 |       5 |       7 |  58.3
        D:3 |     141 |       0 |   0.0 |      19 |       0 |   0.0
        D:4 |      44 |       4 |   8.3 |       2 |       2 |  50.0
        D:5 |       1 |       0 |   0.0 |       1 |       0 |   0.0
        D:6 |     759 |     268 |  26.1 |      17 |       1 |   5.6
        D:7 |     146 |       0 |   0.0 |       3 |       0 |   0.0
     Temple |     132 |       0 |   0.0 |       1 |       0 |   0.0
            +---------+---------+-------+---------+---------+-------
